[ AOE2 MATCH · #506165241 ]
UnrankedHindustanis vs Tatars
Rival team · WIN
[ REPLAY ANALYSIS · EXTRACTED FROM THE RECORDED GAME ]
Feudal
10:55
Castle
21:54
Imperial
40:17
| APM avg | 67.3 |
| APM peak | 101 |
| eAPM avg | 39.5 |
| Villagers / military | 370 / 365 |
Focus
⚔️ 31.9% · 🌾 68.1%
Skirmisher ×148 · Camel Scout ×145 · Ghulam ×33 · Archer ×14 · Trebuchet (Packed) ×6 · Monk ×5
Feudal
9:00
Castle
21:27
Imperial
39:26
| APM avg | 67.9 |
| APM peak | 133 |
| eAPM avg | 30.1 |
| Villagers / military | 185 / 380 |
Focus
⚔️ 46.7% · 🌾 53.3%
Scout Cavalry ×188 · Cavalry Archer ×88 · Steppe Lancer ×44 · Archer ×34 · Trebuchet (Packed) ×10 · Battering Ram ×8
Match map
Initial resources + every placement click. Lines = walls · curves = elevation contours. ◆ gold · ⬟ stone · ● berries · ✦ relic · ◌ wall gap
Your base· Open — 3t gap
TdB.holland89's base· Open — unwalled flank
Smoothed initial terrain · ◌ = detected wall gap · hover for details
Inputs per minute
— dlms9 - - TdB.holland89
Build order — dlms9
First 150 of 624 actions detected
| 0:00 | Queue | Villager (Male) |
| 0:00 | Queue | Villager (Male) |
| 0:02 | Build | House |
| 0:04 | Build | House |
| 0:12 | Queue | Villager (Male) |
| 0:12 | Queue | Villager (Male) |
| 1:05 | Queue | Villager (Male) |
| 1:05 | Queue | Villager (Male) |
| 1:40 | Queue | Villager (Male) |
| 1:40 | Queue | Villager (Male) |
| 1:59 | Queue | Villager (Male) |
| 1:59 | Queue | Villager (Male) |
| 2:07 | Build | Lumber Camp |
| 2:52 | Queue | Villager (Male) |
| 2:52 | Queue | Villager (Male) |
| 3:14 | Queue | Villager (Male) |
| 3:14 | Queue | Villager (Male) |
| 3:27 | Queue | Villager (Male) |
| 3:27 | Queue | Villager (Male) |
| 3:52 | Build | House |
| 3:53 | Queue | Villager (Male) |
| 3:54 | Queue | Villager (Male) |
| 4:01 | Build | House |
| 4:29 | Build | House |
| 4:43 | Queue | Villager (Male) |
| 4:43 | Queue | Villager (Male) |
| 5:06 | Build | Barracks |
| 5:10 | Queue | Villager (Male) |
| 5:48 | Queue | Villager (Male) |
| 5:54 | Build | House |
| 6:13 | Queue | Militia |
| 6:13 | Queue | Militia |
| 6:17 | Queue | Militia |
| 6:41 | Build | Palisade Wall |
| 6:42 | Build | Palisade Wall |
| 6:54 | Queue | Villager (Male) |
| 6:55 | Queue | Villager (Male) |
| 6:55 | Queue | Villager (Male) |
| 7:28 | Build | Mill |
| 8:11 | Build | Lumber Camp |
| 8:15 | Research | Loom |
| 8:36 | Build | Palisade Wall |
| 8:38 | Build | Palisade Wall |
| 8:45 | Research | Feudal Age |
| 8:46 | Build | Palisade Wall |
| 8:52 | Build | Palisade Wall |
| 8:53 | Build | Palisade Wall |
| 9:35 | Queue | Villager (Male) |
| 9:46 | Build | Palisade Wall |
| 9:54 | Build | Mining Camp |
| 9:57 | Build | Palisade Wall |
| 9:58 | Build | Palisade Wall |
| 9:59 | Build | Palisade Wall |
| 10:01 | Queue | Villager (Male) |
| 10:11 | Build | Palisade Wall |
| 10:20 | Build | Palisade Wall |
| 10:21 | Build | Palisade Wall |
| 10:55 | Age | Feudal Age |
| 10:57 | Queue | Spearman |
| 10:58 | Research | Double-Bit Axe |
| 10:58 | Research | Horse Collar |
| 10:59 | Research | Horse Collar |
| 11:16 | Build | Archery Range |
| 11:30 | Build | House |
| 11:33 | Queue | Villager (Male) |
| 11:39 | Queue | Villager (Male) |
| 11:56 | Queue | Archer |
| 11:56 | Queue | Archer |
| 12:04 | Queue | Villager (Male) |
| 12:11 | Build | Blacksmith |
| 12:17 | Queue | Villager (Male) |
| 12:18 | Queue | Archer |
| 12:18 | Queue | Archer |
| 12:34 | Build | Farm |
| 12:41 | Build | House |
| 12:52 | Queue | Archer |
| 12:52 | Queue | Archer |
| 13:07 | Build | Farm |
| 13:12 | Build | House |
| 13:17 | Research | Fletching |
| 13:18 | Research | Fletching |
| 13:19 | Queue | Skirmisher |
| 13:19 | Queue | Villager (Male) |
| 13:26 | Queue | Villager (Male) |
| 13:28 | Build | Farm |
| 13:31 | Queue | Villager (Male) |
| 13:51 | Build | Farm |
| 13:53 | Queue | Archer |
| 13:53 | Queue | Archer |
| 13:54 | Queue | Villager (Male) |
| 14:08 | Queue | Skirmisher |
| 14:12 | Queue | Skirmisher |
| 14:18 | Build | Farm |
| 14:26 | Queue | Archer |
| 14:42 | Queue | Archer |
| 14:42 | Queue | Archer |
| 14:46 | Queue | Villager (Male) |
| 14:49 | Build | Farm |
| 15:01 | Research | Padded Archer Armor |
| 15:03 | Queue | Archer |
| 15:03 | Queue | Villager (Male) |
| 15:06 | Build | Farm |
| 15:10 | Build | Farm |
| 15:13 | Queue | Villager (Male) |
| 15:20 | Build | Farm |
| 15:22 | Build | Farm |
| 15:35 | Build | Farm |
| 15:36 | Queue | Villager (Male) |
| 15:44 | Queue | Villager (Male) |
| 15:56 | Queue | Archer |
| 15:57 | Queue | Villager (Male) |
| 16:02 | Build | House |
| 16:06 | Build | Farm |
| 16:09 | Build | Farm |
| 16:26 | Build | Farm |
| 16:27 | Queue | Villager (Male) |
| 16:32 | Queue | Spearman |
| 16:49 | Build | House |
| 16:50 | Queue | Villager (Male) |
| 17:06 | Build | Farm |
| 17:16 | Build | House |
| 17:23 | Build | House |
| 17:33 | Build | Farm |
| 17:43 | Queue | Archer |
| 17:49 | Build | Farm |
| 17:55 | Queue | Spearman |
| 18:28 | Queue | Villager (Male) |
| 18:34 | Build | Farm |
| 18:49 | Build | Archery Range |
| 18:54 | Build | Stable |
| 19:14 | Research | Castle Age |
| 19:27 | Build | Stable |
| 19:29 | Research | Scale Barding Armor |
| 20:17 | Research | Bloodlines |
| 20:17 | Research | Bloodlines |
| 20:20 | Research | Gold Mining |
| 20:20 | Research | Gold Mining |
| 20:34 | Build | House |
| 21:45 | Queue | Villager (Male) |
| 21:54 | Age | Castle Age |
| 21:55 | Queue | Cavalry Archer |
| 21:57 | Queue | Camel Scout ×5 |
| 22:01 | Build | Town Center |
| 22:03 | Research | Chain Barding Armor |
| 22:04 | Research | Bow Saw |
| 22:05 | Research | Heavy Plow |
| 22:16 | Queue | Villager (Male) |
| 22:18 | Queue | Camel Scout |
| 22:42 | Queue | Villager (Male) |
| 22:46 | Build | Siege Workshop |
Build order — TdB.holland89
First 150 of 656 actions detected
| 0:00 | Queue | Villager (Male) |
| 0:00 | Queue | Villager (Male) |
| 0:01 | Build | House |
| 0:02 | Build | House |
| 0:51 | Queue | Villager (Male) |
| 0:51 | Queue | Villager (Male) |
| 0:52 | Queue | Villager (Male) |
| 1:24 | Queue | Villager (Male) |
| 1:24 | Queue | Villager (Male) |
| 1:57 | Queue | Villager (Male) |
| 1:57 | Queue | Villager (Male) |
| 2:14 | Queue | Villager (Male) |
| 2:21 | Build | Lumber Camp |
| 2:35 | Queue | Villager (Male) |
| 2:35 | Queue | Villager (Male) |
| 2:55 | Queue | Villager (Male) |
| 2:55 | Queue | Villager (Male) |
| 3:15 | Queue | Villager (Male) |
| 3:15 | Queue | Villager (Male) |
| 3:55 | Build | House |
| 4:01 | Queue | Villager (Male) |
| 4:02 | Queue | Villager (Male) |
| 4:35 | Queue | Villager (Male) |
| 4:43 | Build | Mill |
| 5:11 | Queue | Villager (Male) |
| 5:19 | Queue | Villager (Male) |
| 6:25 | Research | Loom |
| 6:28 | Research | Feudal Age |
| 6:29 | Research | Feudal Age |
| 6:41 | Build | Palisade Wall |
| 6:42 | Build | Palisade Wall |
| 6:42 | Build | Palisade Wall |
| 6:44 | Build | Palisade Wall |
| 6:44 | Build | Palisade Wall |
| 6:50 | Build | Palisade Wall |
| 6:50 | Build | Palisade Wall |
| 6:51 | Build | Palisade Wall |
| 6:52 | Build | Palisade Wall |
| 6:54 | Build | Palisade Wall |
| 6:54 | Build | Palisade Wall |
| 6:55 | Build | Palisade Wall |
| 6:59 | Queue | Villager (Male) |
| 7:20 | Build | Palisade Wall |
| 7:29 | Build | House |
| 7:29 | Build | Palisade Wall |
| 7:32 | Build | Palisade Wall |
| 7:43 | Build | Palisade Wall |
| 7:45 | Build | Palisade Wall |
| 7:59 | Build | Palisade Wall |
| 8:00 | Build | Palisade Wall |
| 8:00 | Build | Palisade Wall |
| 8:13 | Queue | Villager (Male) |
| 8:25 | Build | Barracks |
| 8:42 | Queue | Villager (Male) |
| 9:00 | Age | Feudal Age |
| 9:05 | Research | Double-Bit Axe |
| 9:32 | Build | Mining Camp |
| 9:37 | Build | Palisade Wall |
| 9:37 | Build | Palisade Wall |
| 9:52 | Build | Palisade Wall |
| 9:58 | Queue | Villager (Male) |
| 10:05 | Queue | Villager (Male) |
| 10:10 | Build | Archery Range |
| 10:16 | Queue | Villager (Male) |
| 10:36 | Build | House |
| 10:37 | Build | House |
| 10:39 | Build | Palisade Wall |
| 11:06 | Queue | Archer |
| 11:14 | Queue | Villager (Male) |
| 11:22 | Queue | Archer |
| 11:35 | Build | Outpost |
| 11:38 | Research | Town Watch |
| 11:50 | Queue | Archer |
| 11:51 | Queue | Villager (Male) |
| 12:13 | Queue | Villager (Male) |
| 12:20 | Build | Stable |
| 12:21 | Build | House |
| 12:23 | Build | Palisade Wall |
| 12:30 | Queue | Archer |
| 12:30 | Queue | Villager (Male) |
| 12:53 | Queue | Villager (Male) |
| 12:55 | Build | Farm |
| 13:04 | Queue | Villager (Male) |
| 13:17 | Queue | Scout Cavalry |
| 13:18 | Queue | Scout Cavalry |
| 13:19 | Queue | Archer |
| 13:20 | Queue | Villager (Male) |
| 13:22 | Build | Farm |
| 13:29 | Queue | Villager (Male) |
| 13:33 | Queue | Villager (Male) |
| 13:36 | Build | Farm |
| 13:41 | Build | House |
| 14:01 | Queue | Scout Cavalry |
| 14:08 | Build | Blacksmith |
| 14:27 | Queue | Villager (Male) |
| 14:32 | Queue | Villager (Male) |
| 14:53 | Research | Fletching |
| 14:55 | Queue | Archer |
| 15:02 | Queue | Archer |
| 15:03 | Queue | Villager (Male) |
| 15:05 | Build | Farm |
| 15:10 | Queue | Villager (Male) |
| 15:16 | Build | Farm |
| 15:16 | Build | Farm |
| 15:29 | Build | House |
| 15:30 | Build | House |
| 15:31 | Build | Palisade Wall |
| 15:41 | Queue | Archer |
| 15:44 | Build | House |
| 15:57 | Build | Farm |
| 16:28 | Queue | Skirmisher |
| 16:42 | Queue | Villager (Male) |
| 16:43 | Build | Farm |
| 16:45 | Build | Farm |
| 16:49 | Build | Farm |
| 17:09 | Queue | Villager (Male) |
| 17:12 | Build | Market |
| 17:15 | Build | Farm |
| 18:47 | Research | Castle Age |
| 18:53 | Build | Archery Range |
| 18:55 | Build | Lumber Camp |
| 19:26 | Queue | Archer |
| 19:29 | Queue | Archer |
| 19:30 | Queue | Villager (Male) |
| 19:45 | Queue | Archer |
| 19:45 | Queue | Archer |
| 19:46 | Queue | Archer |
| 20:19 | Queue | Archer |
| 20:19 | Queue | Archer |
| 20:20 | Queue | Villager (Male) |
| 20:37 | Research | Padded Archer Armor |
| 20:38 | Queue | Archer |
| 20:38 | Queue | Archer |
| 21:01 | Queue | Archer |
| 21:01 | Queue | Archer |
| 21:13 | Build | House |
| 21:14 | Build | House |
| 21:27 | Age | Castle Age |
| 21:27 | Research | Crossbowman (upgrade) |
| 21:28 | Research | Crossbowman (upgrade) |
| 21:28 | Research | Bodkin Arrow |
| 21:28 | Research | Bodkin Arrow |
| 21:39 | Queue | Archer |
| 21:40 | Queue | Archer |
| 21:40 | Queue | Villager (Male) |
| 21:49 | Build | Town Center |
| 21:52 | Build | House |
| 21:53 | Build | House |
| 21:58 | Build | House |
| 22:00 | Queue | Archer |
Match timeline
| 5:06 | dlms9 · first_building Barracks |
| 6:41 | dlms9 · wall_segment Palisade Wall x4 |
| 6:41 | TdB.holland89 · wall_segment Palisade Wall x1 |
| 6:42 | dlms9 · wall_segment Palisade Wall x8 |
| 6:42 | TdB.holland89 · wall_segment Palisade Wall x1 |
| 6:42 | TdB.holland89 · wall_segment Palisade Wall x1 |
| 6:44 | TdB.holland89 · wall_segment Palisade Wall x1 |
| 6:44 | TdB.holland89 · wall_segment Palisade Wall x1 |
| 6:50 | TdB.holland89 · wall_segment Palisade Wall x1 |
| 6:50 | TdB.holland89 · wall_segment Palisade Wall x2 |
| 6:51 | TdB.holland89 · wall_segment Palisade Wall x1 |
| 6:52 | TdB.holland89 · wall_segment Palisade Wall x1 |
| 6:54 | TdB.holland89 · wall_segment Palisade Wall x1 |
| 6:54 | TdB.holland89 · wall_segment Palisade Wall x1 |
| 6:55 | TdB.holland89 · wall_segment Palisade Wall x1 |
| 7:20 | TdB.holland89 · wall_segment Palisade Wall x1 |
| 7:29 | TdB.holland89 · wall_segment Palisade Wall x1 |
| 7:32 | TdB.holland89 · wall_segment Palisade Wall x3 |
| 7:43 | TdB.holland89 · wall_segment Palisade Wall x1 |
| 7:45 | TdB.holland89 · wall_segment Palisade Wall x1 |
| 7:59 | TdB.holland89 · wall_segment Palisade Wall x1 |
| 8:00 | TdB.holland89 · wall_segment Palisade Wall x1 |
| 8:00 | TdB.holland89 · wall_segment Palisade Wall x1 |
| 8:25 | TdB.holland89 · first_building Barracks |
| 8:36 | dlms9 · wall_segment Palisade Wall x9 |
| 8:38 | dlms9 · wall_segment Palisade Wall x7 |
| 8:46 | dlms9 · wall_segment Palisade Wall x1 |
| 8:52 | dlms9 · wall_segment Palisade Wall x3 |
| 8:53 | dlms9 · wall_segment Palisade Wall x6 |
| 9:00 | TdB.holland89 · age_up feudal |
| 9:37 | TdB.holland89 · wall_segment Palisade Wall x1 |
| 9:37 | TdB.holland89 · wall_segment Palisade Wall x1 |
| 9:46 | dlms9 · wall_segment Palisade Wall x1 |
| 9:52 | TdB.holland89 · wall_segment Palisade Wall x1 |
| 9:57 | dlms9 · wall_segment Palisade Wall x1 |
| 9:58 | dlms9 · wall_segment Palisade Wall x1 |
| 9:59 | dlms9 · wall_segment Palisade Wall x1 |
| 10:10 | TdB.holland89 · first_building Archery Range |
| 10:11 | dlms9 · wall_segment Palisade Wall x12 |
| 10:20 | dlms9 · wall_segment Palisade Wall x1 |
| 10:21 | dlms9 · wall_segment Palisade Wall x1 |
| 10:39 | TdB.holland89 · wall_segment Palisade Wall x6 |
| 10:55 | dlms9 · age_up feudal |
| 11:16 | dlms9 · first_building Archery Range |
| 12:20 | TdB.holland89 · first_building Stable |
| 12:23 | TdB.holland89 · wall_segment Palisade Wall x5 |
| 15:31 | TdB.holland89 · wall_segment Palisade Wall x8 |
| 18:54 | dlms9 · first_building Stable |
| 21:20 | TdB.holland89 · first_market_sell 100 wood |
| 21:27 | TdB.holland89 · age_up castle |
| 21:54 | dlms9 · age_up castle |
| 22:46 | dlms9 · first_building Siege Workshop |
| 25:56 | TdB.holland89 · first_market_buy 100 wood |
| 28:09 | dlms9 · first_building Monastery |
| 29:36 | dlms9 · first_building Castle |
| 30:39 | dlms9 · first_market_buy 100 wood |
| 30:50 | dlms9 · first_market_sell 100 food |
| 35:57 | TdB.holland89 · first_building Monastery |
| 36:13 | TdB.holland89 · first_building Castle |
| 39:26 | TdB.holland89 · age_up imperial |
| 40:17 | dlms9 · age_up imperial |
| 46:23 | TdB.holland89 · first_building Siege Workshop |
| 61:08 | dlms9 · resign |
[ AI ANALYSIS · 1 CREDIT ]
What really happened in this match?
Wolo.gg analyzes every decision: build order, eco, micro, common mistakes by bracket. Personalized analysis on WhatsApp or Discord in 30 seconds.
Civ guide
Hindustanis
Perfil
Jugador #4437805